 Dungeon Sprint DCSS version 0.31-a0-879-g1609e0ac53 (webtiles) character file.

Game seed: 13458164660725741942

579 rocky1 the Nimble (level 7, -2/55 HPs)
             Began as a Djinni Gladiator on Oct 15, 2023.
             Was an Initiate of Gozag.
             Slain by a necrophage (5 damage)
             ... in the Dungeon (Sprint II: "The Violet Keep of Menkaure").
             The game lasted 00:01:41 (244 turns).

rocky1 the Nimble (Djinni Gladiator)                 Turns: 244, Time: 00:01:42

Health: -2/55      AC:  4    Str: 13    XL:     7   Next: 63%
Gold:   720        EV: 17    Int:  9    God:    Gozag SH:  0 Dex: 17

rFire   + + .        a - +0 long sword
rCold   x . .        (no shield)
rNeg    . . .        b - +0 leather armour
rPois   ∞            c - +0 helmet
rElec   .            (no cloak)
rCorr   .            (no gloves)
SInv    .            (boots unavailable)
Will    .....        (no amulet)
Stlth   +            (no ring)
HPRegen 0.29/turn    (no ring)
MPRegen 0.00/turn

%: no teleportation, infuse magic (-3 HP)
@: gold aura, flying
A: sickness immunity, fire resistance 2, cold vulnerability 1, float, innate
caster, HP casting, extra vitality 1
a: Renounce Religion, Potion Petition, Call Merchant, Bribe Branch


You were in the Dungeon.
You worshipped Gozag.
Gozag was pleased with you.
You visited 1 branch You collected 720 gold pieces.

Inventory:

Hand Weapons
 a - a +0 long sword (weapon)
Missiles
 d - 2 throwing nets (quivered)
 e - a javelin
Armour
 b - a +0 leather armour (worn)
 c - a +0 helmet (worn)
Scrolls
 j - a scroll of blinking
Potions
 h - a potion of haste


   Skills:
 + Level 5.9 Fighting
 * Level 9.8 Long Blades
 - Level 4.0 Throwing
 + Level 3.0 Armour
 + Level 9.9 Dodging


You knew the following spells:

 Your Spells              Type           Power      Damage    Failure   Level
a - Sting                 Tmut/Pois      0%         1d3       45%         1
b - Call Imp              Summ           0%         N/A       61%         2
c - Swiftness             Air            0%         N/A       83%         3
Your spell library was empty.

Dungeon Overview and Level Annotations

Branches:
Dungeon (1/1)

Altars:
Cheibriados
Dithmenos
Elyvilon
Fedhas
Gozag
Hepliaklqana
Makhleb
Nemelex Xobeh
Okawaru
Qazlal
Ru
Trog
Uskayaw
Wu Jian
Xom
Yredelemnul
Zin
The Shining One
Jiyva
Lugonu

Shops:
D [(=*([!:*[!=?[

Annotations:
D exclusions: obsidian statue and orange crystal statue


Innate Abilities, Weirdness & Mutations

You are immune to sickness and miasma.
You are immune to poison.
Your flesh is very heat resistant. (rF++)
You are vulnerable to cold. (rC-)
You float through the air rather than walking.
You learn spells naturally, not from books.
Your magical power is your life essence.
You have superior vitality. (+4 MHP)


Message History

The necrophage hits you but does no damage.
You completely miss the necrophage.
The obsidian statue's eyes glow briefly.
The necrophage closely misses you. The necrophage misses you.
The necrophage hits you.
* * * LOW HITPOINT WARNING * * *
You are too injured to fight recklessly!
The necrophage barely misses you. The necrophage hits you.
* * * LOW HITPOINT WARNING * * *
You are too injured to fight recklessly!
You hit the necrophage but do no damage.
Your punch misses the necrophage.
The necrophage is almost destroyed.
The necrophage hits you but does no damage.
The necrophage misses you.
You hit the necrophage.
The necrophage is almost destroyed.
The necrophage hits you.
* * * LOW HITPOINT WARNING * * *
The necrophage hits you.
* * * LOW HITPOINT WARNING * * *
The obsidian statue's eyes glow briefly.
You slash the necrophage!
You destroy the necrophage!
Your Armour skill increases to level 3!
You feel better.
Unknown command.
The necrophage closely misses you.
You see here 72 gold pieces.
The necrophage hits you.
* * * LOW HITPOINT WARNING * * *
You slash the necrophage!
The necrophage is moderately damaged.
The necrophage barely misses you. The necrophage hits you.
* * * LOW HITPOINT WARNING * * *
The necrophage attacks as it pursues you!
The necrophage hits you.
You die...
Your body crumbles into a pile of gold.

#~##≈≈§°°°§# ##~~#+++#'°○##
#~~~.....°.°°# #~~~~.##'##..#
#~~~~##.#.##.#### +^### #~~~~#..
..#...n# ...# #~~####. .####$n##
#..# #▓[[)$$ #~## ##+###.##n.#
+..# #▓))!!$ #~# ##.##...#.@#
#..# #▓!!)?) +~+
+.<.')#.'..####..####▓($$!$ #~#
##.##...#.§§.###...##▓▓▓▓▓▓ #~##
#'###.##§.§.§.~~~~~~~~~~~~
#~~####.#.####~~.....~#'########+
##~~~#.##..#~~~~~§~§.~#....._._#S
#+#~###..##§~~~~§§~.~#...._._.#S
#~~##'##~~~§≈≈~§~§~#..._._._#§
##~~~~~~~~§§≈≈≈≈§§§#.._._._.#~


You could see 3 necrophages.

Vanquished Creatures
  A merfolk siren (D)
  Menkaure (D)
  A water moccasin (D)
  A necrophage (D)
  3 worms (D)
7 creatures vanquished.

Notes
Turn   | Place    | Note
-------+----------+-------------------------------------------
     0 | D        | rocky1 the Djinni Gladiator began the quest for the Orb.
     0 | D        | Reached XP level 1. HP: 18/18 MP: 0/0
     1 | D        | Noticed a merfolk siren
    12 | D        | Killed a merfolk siren
    13 | D        | Reached XP level 2. HP: 14/27 MP: 0/0
    13 | D        | Reached XP level 3. HP: 17/32 MP: 0/0
    13 | D        | Learned a level 1 spell: Sting
    13 | D        | Reached XP level 4. HP: 21/38 MP: 0/0
    13 | D        | Reached XP level 5. HP: 23/42 MP: 0/0
    13 | D        | Learned a level 2 spell: Call Imp
    13 | D        | Reached XP level 6. HP: 27/49 MP: 0/0
   112 | D        | Noticed a water moccasin
   116 | D        | Found a snail-covered altar of Cheibriados.
   117 | D        | Found a shadowy altar of Dithmenos.
   117 | D        | Found a viscous altar of Jiyva.
   124 | D        | Killed a water moccasin
   125 | D        | Reached skill level 5 in Fighting
   125 | D        | Reached skill level 1 in Armour
   125 | D        | Reached XP level 7. HP: 48/54 MP: 0/0
   125 | D        | Learned a level 3 spell: Swiftness
   125 | D        | Found a white marble altar of Elyvilon.
   126 | D        | Found a blossoming altar of Fedhas.
   126 | D        | Found a corrupted altar of Lugonu.
   127 | D        | Found an opulent altar of Gozag.
   127 | D        | Found a burning altar of Makhleb.
   127 | D        | Found a bloodstained altar of Trog.
   128 | D        | Found a sparkling altar of Nemelex Xobeh.
   128 | D        | Found a hide-covered altar of Uskayaw.
   129 | D        | Found an iron altar of Okawaru.
   129 | D        | Found a glowing silver altar of Zin.
   129 | D        | Found a basalt altar of Yredelemnul.
   131 | D        | Found a hazy altar of Hepliaklqana.
   131 | D        | Found a sacrificial altar of Ru.
   131 | D        | Found a shimmering altar of Xom.
   132 | D        | Found a stormy altar of Qazlal.
   132 | D        | Found an ornate altar of the Wu Jian Council.
   132 | D        | Found a glowing golden altar of the Shining One.
   135 | D        | Noticed a water moccasin
   136 | D        | Noticed a water moccasin
   138 | D        | Became a worshipper of Gozag Ym Sagoz the Greedy
   182 | D        | Noticed an orange crystal statue
   186 | D        | Found Yniugoov's Armour Shop.
   188 | D        | Found Vaujighi's Magic Scroll Boutique.
   190 | D        | Found Sionab's Distillery.
   192 | D        | Found Olyevici's General Store.
   192 | D        | Found Moavvata's Book Boutique.
   193 | D        | Found Zeob's Antique Weapon Boutique.
   193 | D        | Found Zimic's Assorted Antiques.
   194 | D        | Found Xotaedd's Distillery.
   195 | D        | Found Tafi's Antique Weapon Shop.
   195 | D        | Found Perr's Antique Armour Boutique.
   196 | D        | Found Fuger's Antique Armour Shop.
   196 | D        | Found Piloarch's Jewellery Boutique.
   197 | D        | Found Etiohiro's Jewellery Shop.
   197 | D        | Found Edghoudd's Antique Armour Boutique.
   199 | D        | Noticed Menkaure
   212 | D        | Killed Menkaure
   216 | D        | Noticed an obsidian statue
   244 | D        | Slain by a necrophage

Illustrated notes

Levels and vault maps discovered:
D:        the_violet_keep_of_menkaure [sprint2_stairs_cluster_1,
          sprint2_shoproom, sprint2_temple, sprint2_basic_supplies,
          sprint2_obstacle_4, sprint2_obstacle_2, sprint2_obstacle_3,
          sprint2_obstacle_1, sprint2_obstacle_5, sprint2_timed_cluster_1,
          sprint2_smallroom_cluster_1, sprint2_smallroom_final_cluster_1,
          sprint2_transparent_cluster_1, sprint2_second_timed_cluster_1,
          sprint2_sniper_area_1, sprint2_heavy_combat_area_1,
          sprint2_mutation_trap_area_1, sprint2_forest_area_1,
          sprint2_light_combat_area_1, sprint2_behind_water_1,
          sprint2_near_end_vault_1]

Skill      XL: |  1  2  3  4  5  6  7 |
---------------+----------------------+-----
Fighting       | 4 5 |  5.9
Long Blades    | 8 9 |  9.8
Throwing       | 4 |  4.0
Dodging        | 9 |  9.9
Armour         | 1 3 |  3.0

Action                     |  1- 3 |  4- 6 |  7- 9 || total
---------------------------+-------+-------+-------++-------
  Melee: Long sword        |     8 |     7 |    27 ||    42
  Throw: Throwing net      |     1 |       |       ||     1
    Use: Potion            |     1 |       |     2 ||     3
 Armour: Leather armour    |     1 |     1 |    15 ||    17
  Dodge: Dodged            |     1 |     8 |    13 ||    22

Table legend: (Time is in decaauts)
 A = Elapsed time spent in this place.
 B = Non-inter-level travel time spent in this place.
 C = Inter-level travel time spent in this place.
 D = Time resting spent in this place.
 E = Time spent auto-exploring this place.
 F = Levels seen in this place.
 G = Mean time per level.
                   A        B        C        D        E       F      G
               +--------+--------+--------+--------+--------+-----+--------+
         Total |    257 |    257 |      0 |    109 |      0 |   1 |  257.0 |
       Dungeon |    257 |    257 |      0 |    109 |      0 |   1 |  257.0 |
               +--------+--------+--------+--------+--------+-----+--------+

Top non-repeatable levels by time:
       D: 257 daAuts
